 Dungeon Crawl Stone Soup version 0.16.1-2-g95b8d4c (webtiles) character file.

146 RobertPalmer the Cutter (level 5, -1/34 HPs)
             Began as an Octopode Warper on Mar 26, 2015.
             Slain by a sky beast (5 damage)
             ... on level 4 of the Dungeon.
             The game lasted 00:04:49 (2967 turns).

RobertPalmer the Cutter (Octopode Warper)           Turns: 2967, Time: 00:04:49

Health: -1/34      AC:  1    Str: 12 (16) XL:     5   Next: 28%
Magic:  9/9        EV: 12    Int: 15      God:
Gold:   172        SH:  0    Dex: 12      Spells: 3 memorised, 2 levels left

rFire  . . .     SeeInvis .     a - +0 short sword
rCold  . . .     Clarity  .     (no shield)
rNeg   . . .     SustAb   .     (helmet restricted)
rPois  .         Gourm    .     (no amulet)
rElec  .         Spirit   .     (no ring)
rCorr  .         Warding  .     (no ring)
rMut   .         Stasis   .     (no ring)
MR     .....                    (no ring)
Stlth  +++.......               (no ring)
                                (no ring)
                                (no ring)
                                (no ring)

@: mighty, lethally poisoned (-1 -> -3), very slightly contaminated, hasted,
very quick, not resistant to hostile enchantments, fairly stealthy
A: almost no armour, amphibious, 8 rings, constrict 8, camouflage 1, gelatinous
body 1
a: no special abilities


You were on level 4 of the Dungeon.
You were not hungry.

You visited 1 branch of the dungeon, and saw 4 of its levels.

You collected 172 gold pieces.

Inventory:

Hand weapons
 a - a +0 short sword (weapon)
Missiles
 e - 5 tomahawks of dispersal {=f}
Magical devices
 p - a wand of flame (18)
   (You found it on level 3 of the Dungeon)
 t - a wand of cold (8)
   (You found it on level 3 of the Dungeon)
Scrolls
 d - a scroll of blinking {!r}
 j - 2 scrolls of remove curse
 m - 2 scrolls of enchant armour
 n - a scroll of magic mapping {!r}
Potions
 l - a potion of restore abilities
 r - 2 potions of brilliance
Books
 c - a book of Spatial Translocations
Comestibles
 b - a slice of pizza
 f - 2 bread rations {@e1}
 i - a royal jelly
 s - a meat ration {@e2}


   Skills:
 - Level 2.0 Fighting
 - Level 5.0 Short Blades
 - Level 1.0 Throwing
 - Level 2.3 Dodging
 + Level 2.3 Stealth
 - Level 2.0 Spellcasting
 - Level 3.0 Translocations


You had 2 spell levels left.
You knew the following spells:

 Your Spells              Type           Power        Failure   Level  Hunger
a - Teleport Other        Tloc           ##......     21%         3    ###....
b - Blink                 Tloc           N/A          12%         2    ###....
g - Apportation           Tloc           ##........   8%          1    #......


Dungeon Overview and Level Annotations

Branches:
Dungeon (4/15)
 Temple: D:4-7

Altars:
Cheibriados
Nemelex Xobeh
Qazlal


Innate Abilities, Weirdness & Mutations

You cannot wear most types of armour.
You are amphibious.
You can wear up to eight rings at the same time.
You can use your tentacles to constrict many enemies at once.
Your skin changes colour to match your surroundings (Stealth).
Your rubbery body absorbs attacks (AC +1).


Message History

You hit the adder. You grab the adder.
You constrict the adder, but do no damage.
The adder bites you.
You take 2 damage, and have 22/34 hp.
You barely miss the adder.
You constrict the adder, but do no damage.
The adder bites you.
You are poisoned.
The adder poisons you!
You take 3 damage, and have 19/34 hp.
You hit the adder.
You kill the adder!
You feel sick. The goblin completely misses you.
You take 1 damage, and have 18/34 hp.
The goblin hits you with a dagger.
You take 1 damage, and have 17/34 hp.
You feel sick.
You take 1 damage, and have 16/34 hp.
Found a stone staircase leading up.
You feel sick.
You take 1 damage, and have 15/34 hp.
You see here a scroll of enchant armour.
An adder comes into view.
You feel sick.
You take 1 damage, and have 15/34 hp.
A sky beast appears from thin air!
Reactivating autopickup.
You feel sick.
You take 1 damage, and have 14/34 hp.
Found a stormy altar of Qazlal.
You see here 15 bolts.
You feel sick. The adder bites you.
You take 2 damage, and have 12/34 hp.
The adder bites you.
* * * LOW HITPOINT WARNING * * *
You take 2 damage, and have 10/34 hp.
You feel sick.
You are no longer poisoned.
There is a stormy altar of Qazlal here.
You take 1 damage, and have 9/34 hp.
Drink which item? (? for menu, Esc to quit)
It was a potion of curing.
You feel better. The adder closely misses you.
The sky beast flickers out of sight!
Deactivating autopickup; reactivate with Ctrl-A.
You regained 5 hp, and now have 14/34 hp.
Read which item? (? for menu, Esc to quit)
As you read the scroll labeled CHEFYACKOD, it crumbles to dust.
You feel aware of your surroundings.
It was a scroll of magic mapping.
The adder closely misses you. The adder misses you.
Read which item? (? for menu, Esc to quit)
As you read the scroll labeled MUALIQ BUHA, it crumbles to dust.
Forget which spell ([?*] list [ESC] exit)?
Forget which spell ([?*] list [ESC] exit)?
Okay, then.
It was a scroll of amnesia.
The adder completely misses you.
Drink which item? (? for menu, Esc to quit)
It was a potion of restore abilities.
You feel refreshed. The adder bites you.
* * * LOW HITPOINT WARNING * * *
You take 5 damage, and have 9/34 hp.
Drink which item? (? for menu, Esc to quit)
It was a potion of degeneration.
There was something very wrong with that liquid.
You feel weakened. The adder misses you. The adder closely misses you.
Drink which item? (? for menu, Esc to quit)
It was a potion of might.
You feel very mighty all of a sudden. The adder bites you.
* * * LOW HITPOINT WARNING * * *
You take 2 damage, and have 8/34 hp.
Drink which item? (? for menu, Esc to quit)
It was a potion of haste.
You feel yourself speed up. The adder misses you.
You are very lightly contaminated with residual magic.
Drink which item? (? for menu, Esc to quit)
You feel better. The adder bites you.
You are poisoned.
The adder poisons you!
You regained 7 hp, and now have 15/34 hp.
You hit the adder! Your grab misses the adder. You squeeze the adder.
You kill the adder!
Your Stealth skill increases to level 2!
You feel sick.
You take 1 damage, and have 14/34 hp.
You hit the goblin.
You kill the goblin!
A sky beast appears from thin air!
Reactivating autopickup.
You barely miss the sky beast. Your squeeze misses the sky beast.
You closely miss the sky beast. You squeeze the sky beast!
You feel sick. The sky beast hits you. The sky beast shocks you.
* * * LOW HITPOINT WARNING * * *
You take 8 damage, and have 6/34 hp.
MASSIVE DAMAGE!!
You hit the sky beast. You hit the sky beast.
The sky beast flickers out of sight!
Deactivating autopickup; reactivate with Ctrl-A.
Something hits you.
* * * LOW HITPOINT WARNING * * *
Something shocks you.
You die...

**,,,,**,,,****§§§***,,,,,,,,,,,,
**,,,,**,,**#§§§§§§§#*,,,,,,,,,,,
*,,,,,**+**#§§§§§§§§§#*,*,,,**,,,
*,,,,,,,,,#§§§§§§§§§§§#,.*+***,,,
*,>,,,*,,##§§§§§§§§§§§##..,,**,,*
*,*****,,#§§§§§§§§§§§§§#..,,**,,*
*** *,*#§§§§§§8§§§§§§#.##+#*,,,
***#§§§§§###§§§§§#....##(..
*#§§§§#@#§§§§##.........
#§§§§#{#§§§§#..........
##§§§#.#§§§##.#........
##§§#.#§§##.Z<........
####.####Y.#.........
#...#..g###...##..#
#...(.#####Y§.##..# #######
#..Z.+...Z #....#...#


There were no monsters in sight!

Vanquished Creatures
  Jessica (D:3)
  5 adders
  2 giant mites
  3 worms (D:2)
  3 giant geckos
  2 ball pythons
  3 bats
  2 giant cockroaches
  8 goblins
  4 hobgoblins
  3 jackals (D:2)
  4 kobolds
  A giant newt (D:3)
  11 rats
52 creatures vanquished.

Notes
Turn   | Place    | Note
--------------------------------------------------------------
     0 | D:1      | RobertPalmer, the Octopode Warper, began the quest for the Orb.
     0 | D:1      | Reached XP level 1. HP: 14/14 MP: 3/3
   298 | D:1      | Reached XP level 2. HP: 14/19 MP: 4/4
   344 | D:1      | Found a sparkling altar of Nemelex Xobeh.
   805 | D:1      | Reached skill level 3 in Short Blades
  1030 | D:2      | Reached XP level 3. HP: 6/24 MP: 6/6
  1033 | D:2      | HP: 5/24 [poisoned by an adder]
  1040 | D:1      | HP: 4/24 [poisoned by an adder]
  1559 | D:2      | Reached skill level 4 in Short Blades
  1570 | D:2      | Reached XP level 4. HP: 9/29 MP: 7/7
  1999 | D:3      | Noticed a phantom
  2016 | D:3      | Noticed Jessica
  2025 | D:3      | Killed Jessica
  2286 | D:3      | Found a snail-covered altar of Cheibriados.
  2456 | D:2      | Learned a level 2 spell: Blink
  2460 | D:2      | Learned a level 3 spell: Teleport Other
  2527 | D:3      | Reached skill level 5 in Short Blades
  2554 | D:3      | Reached XP level 5. HP: 25/34 MP: 9/9
  2621 | D:3      | HP: 7/34 [giant gecko (5)]
  2622 | D:3      | HP: 2/34 [giant gecko (5)]
  2883 | D:3      | Reached skill level 1 in Stealth
  2918 | D:4      | Noticed a sky beast
  2946 | D:4      | Found a stormy altar of Qazlal.
  2958 | D:4      | HP: 8/34 [adder (2)]
  2961 | D:4      | Reached skill level 2 in Stealth
  2965 | D:4      | HP: 6/34 [sky beast (6)]
  2967 | D:4      | Slain by a sky beast

Action                   |  1- 3 |  4- 6 || total
-------------------------+-------+-------++-------
Melee: Short sword       |    71 |    65 ||   136
 Cast: Blink             |       |     1 ||     1
  Use: Scroll            |     3 |     3 ||     6
       Potion            |       |     6 ||     6
 Stab: Sleeping          |     5 |       ||     5
       Distracted        |       |     1 ||     1
  Eat: Chunk             |     2 |     4 ||     6

Vault maps used:
D:1:      dpeg_arrival_three_bigger_balls, nemelex_xobeh_ov_fountains_minmay
D:3:      cheibriados_altar_1, uniq_jessica
D:4:      first_bread, nicolae_qazlal_eye_of_the_storm, uniq_robin

Table legend:
 A = Turns spent in this place as a percentage of turns spent in the entire game.
 B = Non-inter-level travel turns spent in this place as a percentage of non-inter-level travel turns spent in the entire game.
 C = Inter-level travel turns spent in this place as a percentage of turns spent in this place.
 D = Turns resting spent in this place as a percentage of non-inter-level travel turns spent in this place.
 E = Turns spent auto-exploring this place as a percentage of non-inter-level travel turns spent in this place.
 F = Non-inter-level travel turns spent in this place divided by the number of levels of this place that you've seen.
                   A       B       C       D       E      F
               +-------+-------+-------+-------+-------+----------------------
         Total | 100.0 | 100.0 |   0.5 |   2.6 |   4.5 | 248.2
       Dungeon | 100.0 | 100.0 |   0.5 |   2.6 |   4.5 | 248.2
               +-------+-------+-------+-------+-------+----------------------

Table legend:
 A = Kills in this place as a percentage of kills in entire the game.
 B = Kills by you in this place as a percentage of kills by you in the entire game.
 C = Kills by friends in this place as a percentage of kills by friends in the entire game.
 D = Other kills in this place as a percentage of other kills in the entire game.
 E = Experience gained in this place as a percentage of experience gained in the entire game.
 F = Experience gained in this place divided by the number of levels of this place that you have seen.
                   A       B       C       D       E      F
               +-------+-------+-------+-------+-------+----------------------
         Total | 100.0 | 100.0 |  -nan |  -nan | 100.0 |  52.2
       Dungeon | 100.0 | 100.0 |  -nan |  -nan | 100.0 |  52.2
               +-------+-------+-------+-------+-------+----------------------
